TOP OF THE 1ST |
---|
Rocky Point HS Eagles batting - Pitching for Broken Arrow HS : LHP Juan Ortíz | Pitching: LHP Juan Ortíz | | Batting: RHB Corey Martin | 0-0: Called Strike 0-1: Ball 1-1: Foul Ball, location: 2F 1-2: Strikes out looking | Batting: LHB Stanton Moore | 0-0: Ball 1-0: Foul Ball, location: 2F 1-1: Ball 2-1: Called Strike 2-2: Strikes out looking | Batting: RHB Yan Gosselin | 0-0: Ball 1-0: SINGLE (Line Drive, 6MD) | Batting: LHB Daryl Thomas | 0-0: Ball 1-0: Ball 2-0: Ball 3-0: Called Strike 3-1: SINGLE (Line Drive, 4MD) Yan Gosselin to second | Batting: RHB Glen Williams | 0-0: Ball 1-0: Ball 2-0: Ball 3-0: Called Strike 3-1: Foul Ball, location: 2F 3-2: Strikes out swinging | Top of the 1st over - 0 runs, 2 hits, 0 errors, 2 left on base; Rocky Point HS 0 - Broken Arrow HS 0 | BOTTOM OF THE 1ST |
---|
Broken Arrow HS batting - Pitching for Rocky Point HS Eagles : RHP Franklyn DeMars | Pitching: RHP Franklyn DeMars | | Batting: RHB Bo Long | 0-0: Ball 1-0: Called Strike 1-1: SINGLE (Flyball, 89S) | Batting: RHB Donnie Bryan | 0-0: Swinging Strike 0-1: Ground out 3-1 (Groundball, 34S) Bo Long to second | Batting: LHB Brian Lawson | 0-0: Ball 1-0: Ball 2-0: Called Strike 2-1: 2-RUN HOME RUN (Flyball, 89XD), Distance : 412 ft | Batting: RHB Alejandro Vélez | 0-0: Foul Ball, location: 2F 0-1: Ball 1-1: Ball 2-1: Called Strike 2-2: Foul Ball, location: 2F 2-2: Ball 3-2: Reached via error on a dropped throw, E1 | Batting: RHB Ramón Santos | 0-0: Foul Ball, location: 2F 0-1: Ball 1-1: Foul Ball, location: 2F 1-2: Ball 2-2: Strikes out looking | Batting: RHB Paul Dowd | 0-0: Ball 1-0: Fielders Choice at 2nd, 6-4 (Groundball, 6) | Bottom of the 1st over - 2 runs, 2 hits, 1 error, 1 left on base; Rocky Point HS 0 - Broken Arrow HS 2 | TOP OF THE 2ND |
---|
Rocky Point HS Eagles batting - Pitching for Broken Arrow HS : LHP Juan Ortíz | Batting: RHB Bud Manning | 0-0: Called Strike 0-1: Foul Ball, location: 2F 0-2: Foul Ball, location: 2F 0-2: Ball 1-2: Ground out 5-3 (Groundball, 56S) | Batting: RHB Robby Dunbar | 0-0: Called Strike 0-1: Ball 1-1: Foul Ball, location: 2F 1-2: Ball 2-2: SOLO HOME RUN (Line Drive, 78XD), Distance : 418 ft | Batting: RHB Vincent Turner | 0-0: Ball 1-0: Called Strike 1-1: Ball 2-1: SINGLE (Line Drive, 89M) | Batting: RHB Cornell Clark | 0-0: Called Strike 0-1: Swinging Strike 0-2: Strikes out looking | Batting: RHB Corey Martin | 0-0: Ball 1-0: Foul Ball, location: 2F 1-1: Ball 2-1: Foul Ball, location: 2F 2-2: Ball 3-2: Foul Ball, location: 2F 3-2: Base on Balls Vincent Turner to second | Batting: LHB Stanton Moore | 0-0: Ball 1-0: Foul Ball, location: 2F 1-1: Ball 2-1: Single, Error in OF, E7, batter to second base Vincent Turner scores Corey Martin to third | Batting: RHB Yan Gosselin | 0-0: Ball 1-0: Called Strike 1-1: Ball 2-1: Ball 3-1: 3-RUN HOME RUN (Flyball, 7D), Distance : 383 ft | Batting: LHB Daryl Thomas | 0-0: Ball 1-0: Ball 2-0: Ball 3-0: Swinging Strike 3-1: SINGLE (Groundball, 56) (infield hit) | Batting: RHB Glen Williams | 0-0: Ball Daryl Thomas steals 2nd base 1-0: SINGLE (Groundball, 6MD) Daryl Thomas to third Runner from 3rd tries for Home, SAFE, throw made home | Pitching: RHP Wes Jordan | | Batting: RHB Bud Manning | 0-0: Ball 1-0: Called Strike 1-1: Swinging Strike 1-2: Ball 2-2: Ball 3-2: Foul Ball, location: 2F 3-2: Fly out, F8 (Flyball, 8RS) | Top of the 2nd over - 6 runs, 6 hits, 1 error, 1 left on base; Rocky Point HS 6 - Broken Arrow HS 2 | BOTTOM OF THE 2ND |
---|
Broken Arrow HS batting - Pitching for Rocky Point HS Eagles : RHP Franklyn DeMars | Batting: RHB Keith Dailey | 0-0: Ball 1-0: Called Strike 1-1: Ball 2-1: Swinging Strike 2-2: Ball 3-2: Base on Balls | Batting: LHB Jesús Zamora | 0-0: Called Strike 0-1: Ball 1-1: Foul Ball, location: 2F 1-2: Ball 2-2: Ball 3-2: Fly out, F2 (Popup, 25F) | Batting: RHB Daniel Conner | 0-0: SINGLE (Groundball, 6) (infield hit) Keith Dailey to second | Batting: RHB Bo Long | 0-0: Called Strike Keith Dailey steals 3rd base Daniel Conner to second 0-1: Ball 1-1: Foul Ball, location: 2F 1-2: Ball 2-2: Ball 3-2: Foul Ball, location: 2F 3-2: Foul Ball, location: 2F 3-2: SINGLE (Groundball, 6MD) Keith Dailey scores Daniel Conner to third Runner from 3rd tries for Home, throw and OUT! | Batting: RHB Donnie Bryan | 0-0: Called Strike 0-1: Swinging Strike 0-2: Ball 1-2: Ball 2-2: Strikes out swinging | Bottom of the 2nd over - 1 run, 2 hits, 0 errors, 1 left on base; Rocky Point HS 6 - Broken Arrow HS 3 | TOP OF THE 3RD |
---|
Rocky Point HS Eagles batting - Pitching for Broken Arrow HS : RHP Wes Jordan | Batting: RHB Robby Dunbar | 0-0: Ball 1-0: SINGLE (Line Drive, 6MD) | Batting: RHB Vincent Turner | 0-0: SINGLE (Line Drive, 8LS) Robby Dunbar to second | Batting: RHB Cornell Clark | 0-0: SINGLE (Groundball, 3) (infield hit) Robby Dunbar to third Vincent Turner to second | Batting: RHB Corey Martin | 0-0: Fly out, F8 (Flyball, 89D) Runner from 3rd tags up, SCORES, throw made Vincent Turner to third | Batting: LHB Stanton Moore | 0-0: Ball 1-0: Reached on error, E1 (Groundball, 13) Vincent Turner scores Cornell Clark to second | Batting: RHB Yan Gosselin | 0-0: Called Strike 0-1: Called Strike 0-2: Ball 1-2: Fly out, F7 (Flyball, 7LS) | Batting: LHB Daryl Thomas | 0-0: Foul Ball, location: 2F 0-1: Ball 1-1: Swinging Strike 1-2: Ball 2-2: Ball 3-2: Base on Balls Cornell Clark to third Stanton Moore to second | Batting: RHB Glen Williams | 0-0: Ground out 5-3 (Groundball, 56S) | Top of the 3rd over - 2 runs, 3 hits, 1 error, 3 left on base; Rocky Point HS 8 - Broken Arrow HS 3 | BOTTOM OF THE 3RD |
---|
Broken Arrow HS batting - Pitching for Rocky Point HS Eagles : RHP Franklyn DeMars | Batting: LHB Brian Lawson | 0-0: Called Strike 0-1: Swinging Strike 0-2: Strikes out swinging | Batting: RHB Alejandro Vélez | 0-0: Foul Ball, location: 2F 0-1: Ball 1-1: Fly out, F8 (Flyball, 8RD) | Batting: RHB Ramón Santos | 0-0: Called Strike 0-1: Ball 1-1: Called Strike 1-2: Ground out 1-4-3 (Groundball, 15S) | Bottom of the 3rd over - 0 runs, 0 hits, 0 errors, 0 left on base; Rocky Point HS 8 - Broken Arrow HS 3 | TOP OF THE 4TH |
---|
Rocky Point HS Eagles batting - Pitching for Broken Arrow HS : RHP Wes Jordan | Batting: RHB Bud Manning | 0-0: Ground out 6-3 (Groundball, 6M) | Batting: RHB Robby Dunbar | 0-0: Ball 1-0: Ground out 6-3 (Groundball, 6) | Batting: RHB Vincent Turner | 0-0: Ball 1-0: Called Strike 1-1: Ball 2-1: Ground out 6-3 (Groundball, 6M) | Top of the 4th over - 0 runs, 0 hits, 0 errors, 0 left on base; Rocky Point HS 8 - Broken Arrow HS 3 | BOTTOM OF THE 4TH |
---|
Broken Arrow HS batting - Pitching for Rocky Point HS Eagles : RHP Franklyn DeMars | Batting: RHB Paul Dowd | 0-0: Swinging Strike 0-1: Ball 1-1: Fly out, F8 (Flyball, 8RXD) | Batting: RHB Keith Dailey | 0-0: Ball 1-0: Called Strike 1-1: Called Strike 1-2: Strikes out swinging | Batting: LHB Jesús Zamora | 0-0: Called Strike 0-1: SINGLE (Groundball, 6MD) | Batting: RHB Daniel Conner | 0-0: Called Strike 0-1: Ball 1-1: Ball 2-1: Called Strike 2-2: DOUBLE (Line Drive, 89D) Jesús Zamora to third Runner from 3rd tries for Home, SAFE, no throw | Batting: RHB Bo Long | 0-0: Ball 1-0: Foul Ball, location: 2F 1-1: Foul Ball, location: 2F 1-2: Fly out, F9 (Flyball, 89S) | Bottom of the 4th over - 1 run, 2 hits, 0 errors, 1 left on base; Rocky Point HS 8 - Broken Arrow HS 4 | TOP OF THE 5TH |
---|
Rocky Point HS Eagles batting - Pitching for Broken Arrow HS : RHP Wes Jordan | Batting: RHB Cornell Clark | 0-0: Swinging Strike 0-1: Ball 1-1: Ball 2-1: Fly out, F8 (Line Drive, 8RM) | Batting: RHB Corey Martin | 0-0: Foul Ball, location: 2F 0-1: Called Strike 0-2: Ball 1-2: Ball 2-2: Fly out, F9 (Flyball, 9S) | Batting: LHB Stanton Moore | 0-0: Called Strike 0-1: Ball 1-1: SINGLE (Flyball, 9S) | Batting: RHB Yan Gosselin | 0-0: Called Strike 0-1: Ball Passed Ball! Stanton Moore to second 1-1: Called Strike 1-2: Foul Ball, location: 2F 1-2: Ball 2-2: Strikes out swinging | Top of the 5th over - 0 runs, 1 hit, 0 errors, 1 left on base; Rocky Point HS 8 - Broken Arrow HS 4 | BOTTOM OF THE 5TH |
---|
Broken Arrow HS batting - Pitching for Rocky Point HS Eagles : RHP Franklyn DeMars | Batting: RHB Donnie Bryan | 0-0: Ball 1-0: Ball 2-0: Called Strike 2-1: Foul Ball, location: 2F 2-2: Foul Ball, location: 2F 2-2: SOLO HOME RUN (Flyball, 7D), Distance : 386 ft | Pitching: RHP Mark Thompson | | Batting: LHB Brian Lawson | 0-0: Ball 1-0: Ball 2-0: Ball 3-0: Base on Balls | Batting: RHB Alejandro Vélez | 0-0: Called Strike 0-1: Foul Ball, location: 2F 0-2: Fly out, F4 (Popup, 4) | Batting: RHB Ramón Santos | 0-0: Ball 1-0: Ball 2-0: Ball 3-0: Base on Balls Brian Lawson to second | Batting: RHB Paul Dowd | 0-0: Ball 1-0: Called Strike 1-1: Ball 2-1: Called Strike 2-2: Ball 3-2: Foul Ball, location: 2F 3-2: Strikes out looking | Batting: RHB Keith Dailey | 0-0: Ball 1-0: Foul Ball, location: 2F 1-1: Ball 2-1: Foul Ball, location: 2F 2-2: Strikes out looking | Bottom of the 5th over - 1 run, 1 hit, 0 errors, 2 left on base; Rocky Point HS 8 - Broken Arrow HS 5 | TOP OF THE 6TH |
---|
Rocky Point HS Eagles batting - Pitching for Broken Arrow HS : RHP Wes Jordan | Batting: LHB Daryl Thomas | 0-0: Foul Ball, location: 2F 0-1: Fly out, F8 (Flyball, 8RD) | Batting: RHB Glen Williams | 0-0: Ball 1-0: Ball 2-0: Called Strike 2-1: Ground out 1-3 (Groundball, 13) | Batting: RHB Bud Manning | 0-0: Ball 1-0: Ball 2-0: Foul Ball, location: 2F 2-1: Ground out 5-3 (Groundball, 5) | Top of the 6th over - 0 runs, 0 hits, 0 errors, 0 left on base; Rocky Point HS 8 - Broken Arrow HS 5 | BOTTOM OF THE 6TH |
---|
Broken Arrow HS batting - Pitching for Rocky Point HS Eagles : RHP Mark Thompson | Batting: LHB Jesús Zamora | 0-0: Ball 1-0: Called Strike 1-1: Swinging Strike 1-2: Strikes out looking | Batting: RHB Daniel Conner | 0-0: Ball 1-0: Ball 2-0: Called Strike 2-1: TRIPLE (Flyball, 8LXD) | Batting: RHB Bo Long | 0-0: Ball 1-0: Foul Ball, location: 2F 1-1: Ball 2-1: Swinging Strike 2-2: Ball 3-2: Foul Ball, location: 2F 3-2: Ground out 6-3 (Groundball, 6) Daniel Conner scores | Batting: RHB Donnie Bryan | 0-0: Foul Ball, location: 2F 0-1: Ball 1-1: Fly out, F9 (Flyball, 89M) | Bottom of the 6th over - 1 run, 1 hit, 0 errors, 0 left on base; Rocky Point HS 8 - Broken Arrow HS 6 | TOP OF THE 7TH |
---|
Rocky Point HS Eagles batting - Pitching for Broken Arrow HS : RHP Wes Jordan | Batting: RHB Robby Dunbar | 0-0: Called Strike 0-1: Ball 1-1: SINGLE (Line Drive, 78M) | Pitching: LHP Ken McKnight | | Batting: RHB Vincent Turner | 0-0: Ball 1-0: Called Strike 1-1: Swinging Strike 1-2: Ball 2-2: Strikes out swinging | Batting: RHB Cornell Clark | 0-0: Called Strike 0-1: Ball 1-1: Ball 2-1: Ball 3-1: Called Strike 3-2: SINGLE (Flyball, 78M) Robby Dunbar to second | Batting: RHB Corey Martin | 0-0: Fielders Choice at 2nd, 6-4 (Groundball, 6M) Robby Dunbar to third | Pitching: RHP Rafael Martínez | | Batting: LHB Stanton Moore | 0-0: Foul Ball, location: 2F 0-1: Swinging Strike 0-2: Ball 1-2: Strikes out swinging | Top of the 7th over - 0 runs, 2 hits, 0 errors, 2 left on base; Rocky Point HS 8 - Broken Arrow HS 6 | BOTTOM OF THE 7TH |
---|
Broken Arrow HS batting - Pitching for Rocky Point HS Eagles : RHP Mark Thompson | Batting: LHB Brian Lawson | 0-0: Called Strike 0-1: Called Strike 0-2: Foul Ball, location: 2F 0-2: Ball 1-2: Ball 2-2: SINGLE (Line Drive, 6D) | Batting: RHB Alejandro Vélez | 0-0: Ball 1-0: Foul Ball, location: 2F 1-1: Called Strike 1-2: Strikes out looking | Batting: RHB Ramón Santos | 0-0: Fly out, F7 (Flyball, 7LS) | Batting: RHB Paul Dowd | 0-0: Foul Ball, location: 2F 0-1: Foul Ball, location: 2F 0-2: Ball 1-2: Ball 2-2: Foul Ball, location: 2F 2-2: Ball 3-2: Foul Ball, location: 2F 3-2: TRIPLE (Line Drive, 89XD) Brian Lawson scores | Pitching: RHP Cam Burns | | Batting: RHB Keith Dailey | 0-0: Foul Ball, location: 2F 0-1: Foul Ball, location: 2F 0-2: Ball 1-2: Ground out U3 (Groundball, 34) | Bottom of the 7th over - 1 run, 2 hits, 0 errors, 1 left on base; Rocky Point HS 8 - Broken Arrow HS 7 | TOP OF THE 8TH |
---|
Rocky Point HS Eagles batting - Pitching for Broken Arrow HS : RHP Rafael Martínez | Batting: RHB Yan Gosselin | 0-0: Foul Ball, location: 2F 0-1: Ball 1-1: Foul Ball, location: 2F 1-2: Ball 2-2: Strikes out swinging | Batting: LHB Daryl Thomas | 0-0: Ball 1-0: Called Strike 1-1: Foul Ball, location: 2F 1-2: Ball 2-2: Foul Ball, location: 2F 2-2: Ball 3-2: SOLO HOME RUN (Flyball, 89XD), Distance : 431 ft | Batting: RHB Glen Williams | 0-0: Ball 1-0: Ball 2-0: Foul Ball, location: 2F 2-1: Foul Ball, location: 2F 2-2: Ball 3-2: Fly out, F7 (Flyball, 78M) | Batting: RHB Bud Manning | 0-0: Ball 1-0: Called Strike 1-1: Ground out 1-3 (Groundball, 13) | Top of the 8th over - 1 run, 1 hit, 0 errors, 0 left on base; Rocky Point HS 9 - Broken Arrow HS 7 | BOTTOM OF THE 8TH |
---|
Broken Arrow HS batting - Pitching for Rocky Point HS Eagles : RHP Cam Burns | Pitching: LHP Robert Leach | | Batting: LHB Jesús Zamora | 0-0: Ball 1-0: SINGLE (Flyball, 7S) | Batting: RHB Daniel Conner | 0-0: Ball 1-0: Grounds into double play, 6-4-3 (Groundball, 6) | Batting: RHB Bo Long | 0-0: Ball 1-0: Ball 2-0: Foul Ball, location: 2F 2-1: Ball 3-1: Called Strike 3-2: Base on Balls | Batting: RHB Donnie Bryan | 0-0: Fly out, F4 (Flyball, 4MD) | Bottom of the 8th over - 0 runs, 1 hit, 0 errors, 1 left on base; Rocky Point HS 9 - Broken Arrow HS 7 | TOP OF THE 9TH |
---|
Rocky Point HS Eagles batting - Pitching for Broken Arrow HS : RHP Rafael Martínez | Batting: RHB Robby Dunbar | 0-0: Called Strike 0-1: Ball 1-1: Swinging Strike 1-2: Strikes out swinging | Batting: RHB Vincent Turner | 0-0: Ball 1-0: Ball 2-0: Ball 3-0: Base on Balls | Batting: RHB Cornell Clark | 0-0: Ball 1-0: Called Strike 1-1: Ball 2-1: Called Strike 2-2: Strikes out swinging | Batting: RHB Corey Martin | 0-0: Called Strike 0-1: Swinging Strike 0-2: Ball 1-2: Strikes out looking | Top of the 9th over - 0 runs, 0 hits, 0 errors, 1 left on base; Rocky Point HS 9 - Broken Arrow HS 7 | BOTTOM OF THE 9TH |
---|
Broken Arrow HS batting - Pitching for Rocky Point HS Eagles : LHP Robert Leach | Now at C: Dave Burkholder | | Now at SS: Liam Simons | | Batting: LHB Brian Lawson | 0-0: SINGLE (Groundball, 4) (infield hit) | Batting: RHB Alejandro Vélez | 0-0: Called Strike 0-1: Swinging Strike 0-2: Ball 1-2: Ball 2-2: Foul Ball, location: 2F 2-2: Fly out, F8 (Flyball, 89D) | Batting: RHB Ramón Santos | 0-0: Called Strike 0-1: Swinging Strike 0-2: Ball 1-2: Ball 2-2: Strikes out looking | Batting: RHB Paul Dowd | 0-0: Called Strike 0-1: Swinging Strike 0-2: Ball 1-2: Strikes out swinging, 2-3 out at first. | Bottom of the 9th over - 0 runs, 1 hit, 0 errors, 1 left on base; Rocky Point HS 9 - Broken Arrow HS 7 | |